 Dungeon Crawl Stone Soup version 0.19-a0-1882-gbb73ea0 (console) character file.

30 brucemayne the Chopper (level 3, 0/31 HPs)
             Began as a Hill Orc Monk on Oct 14, 2016.
             Succumbed to an adder's poison
             ... on level 3 of the Dungeon.
             The game lasted 00:02:11 (557 turns).

brucemayne the Chopper (Hill Orc Monk)               Turns: 557, Time: 00:02:11

Health: 0/31       AC:  8    Str: 14    XL:     3   Next: 18%
Magic:  12/12      EV:  6    Int: 10    God:
Gold:   47         SH:  0    Dex: 13    Spells: 0 memorised, 2 levels left

rFire  . . .     SeeInvis .     a - +0 hand axe
rCold  . . .     Gourm    .     d - +0 chain mail
rNeg   . . .     Faith    .     (no shield)
rPois  .         Spirit   .     (no helmet)
rElec  .         Dismiss  .     (no cloak)
rCorr  .         Reflect  .     (no gloves)
MR     .....     Harm     .     (no boots)
Stlth  ..........               (no amulet)
                                (no ring)
                                i - ring of magical power

@: lethally poisoned (0 -> -8)
A: no striking features
a: no special abilities


You were on level 3 of the Dungeon.
You were not hungry.

You visited 1 branch of the dungeon, and saw 4 of its levels.

You collected 47 gold pieces.

Inventory:

Hand Weapons
 a - a +0 hand axe (weapon)
Armour
 b - a +0 robe
 d - a +0 chain mail (worn)
 h - a +0 scale mail
Jewellery
 i - a ring of magical power (left hand)
 j - a +3 ring of strength {unknown}
Scrolls
 e - a scroll of recharging {unknown}
 g - a scroll of magic mapping {unknown}
Comestibles
 c - a bread ration
 f - a meat ration


   Skills:
 - Level 3.6 Fighting
 + Level 5.6 Axes
 - Level 2.4 Dodging
 - Level 1.5 Stealth


You had 2 spell levels left.
You didn't know any spells.

Dungeon Overview and Level Annotations

Branches:
Dungeon (4/15)
 Temple: D:4-7

Altars:


Message History

* * * LOW HITPOINT WARNING * * *
You feel sick. The adder bites you.
* * * LOW HITPOINT WARNING * * *
The adder bites you but does no damage.
You closely miss the adder.
The adder is moderately wounded.
* * * LOW HITPOINT WARNING * * *
You feel sick. The adder bites you.
* * * LOW HITPOINT WARNING * * *
You aren't carrying any potions.
You hit the adder.
The adder is almost dead.
The adder bites you but does no damage.
You hit the adder.
You kill the adder!
You have reached level 3!
Your experience leads to an increase in your attributes!
Increase (S)trength, (I)ntelligence, or (D)exterity?
You feel stronger.
You die...

.. ......... ..#
......... .....#
##.#..... .
.......##......##..
....................
........#..........#.
#....................
#.......<....@.......
..........#........#.
.............#........).
.............########..
...............# ##.#
..........#.##.... ...#
..........#..######...#
##.(.......#....##..#.###
#
#............##....##...#
.#


There were no monsters in sight!

Vanquished Creatures
  An adder (D:3)
  A dart slug (D:1)
  A giant cockroach (D:3)
  2 goblins
  3 hobgoblins
  2 jackals (D:3)
  3 bats
  A frilled lizard (D:1)
  4 rats
18 creatures vanquished.

Notes
Turn   | Place    | Note
-------+----------+-------------------------------------------
     0 | D:1      | brucemayne the Hill Orc Monk began the quest for the Orb.
     0 | D:1      | Reached XP level 1. HP: 19/19 MP: 1/1
     2 | D:1      | Noticed a draconian
     2 | D:1      | Noticed an elf
     4 | D:1      | Noticed a ghoul
     4 | D:1      | Noticed a demonspawn
     7 | D:1      | Noticed a tengu
     9 | D:1      | Noticed a centaur
    11 | D:1      | Noticed an ogre
    11 | D:1      | Noticed a gargoyle
    13 | D:1      | Noticed an octopode
    13 | D:1      | Noticed a dwarf
    15 | D:1      | Noticed a vine stalker
    17 | D:1      | Noticed a spriggan
    17 | D:1      | Noticed a human
    19 | D:1      | Noticed a merfolk
    19 | D:1      | Noticed a halfling
    21 | D:1      | Noticed a formicid
    23 | D:1      | Noticed a troll
    23 | D:1      | Noticed a vampire
    25 | D:1      | Noticed a felid
    25 | D:1      | Noticed a naga
    27 | D:1      | Noticed a demigod
    27 | D:1      | Noticed a minotaur
   185 | D:1      | Reached XP level 2. HP: 26/26 MP: 2/2
   330 | D:2      | Reached skill level 5 in Axes
   449 | D:4      | Noticed an ogre
   555 | D:3      | HP: 1/26 [adder (2)]
   557 | D:3      | Reached XP level 3. HP: 1/31 MP: 3/3
   557 | D:3      | Succumbed to an adder's poison

Vault maps used:
D:1:      kb_arrival_jail, serial_glass, glass_columns_b, glass_columns_c,
          glass_columns_b, glass_columns_a, minmay_strange_pillars,
          minmay_strange_pillars, minivault_24
D:2:      minivault_26
D:3:      grunt_qazlal_clouds
D:4:      first_bread, minmay_item_behind_shaft, minmay_close_crescents

Skill      XL: |  1  2 |
---------------+-------+-----
Axes           | 5 |  5.6
Fighting       | |  3.6
Dodging        | |  2.4
Stealth        | |  1.5

Action                   || total
-------------------------++-------
Melee: Hand axe          ||    60
Armor: Chain mail        ||    45
       Scale mail        ||     1
Dodge: Dodged            ||    24
